AoeStats
← Charlie Brown

Pilgrims

507045386Analyzed
2v2 RM · 16d ago on Sep 16, 2026· 56m 41s· 4 players
Game mode
Random Map
Map size
Medium (4 player)
Population
200
Speed
Normal
Resources
Standard
Victory
Conquest
Starting age
Dark Age
Ending age
Imperial Age
RankedLock teamsTeams togetherTeam positionsShared explorationLock speedFull tech treeHidden civsTurbo modeCheats
Victory
Defeat
🇬🇧 Huns · United Kingdom
458
+13
🇦🇺 Japanese · Australia
318
+19
🇩🇪 Teutons · Germany
403
-17
🇹🇷 Turks · Türkiye
372
-15
Din Djarin The Mandalorian
19:12 Feudal Age
23:22 Wheelbarrow
34:37 Double-Bit Axe
51:20 Castle Age
53:15 Medium Warships
Chencho
6:18 Loom
14:49 Feudal Age
15:34 Double-Bit Axe
16:19 Town Watch
17:33 Fishing Lines
20:20 Man-at-Arms
25:53 Gold Mining
25:54 Stone Mining
27:07 Fletching
27:28 Forging
32:17 Castle Age
31:06 Scale Mail Armor
31:07 Padded Archer Armor
32:45 Long Swordsman
35:23 Stone Shaft Mining
37:24 Crossbowman
38:59 Town Patrol
42:27 Bloodlines
49:16 Bow Saw
55:22 Gillnets
Charlie Brown
13:07 Feudal Age
13:59 Horse Collar
14:09 Double-Bit Axe
15:02 Wheelbarrow
20:04 Castle Age
19:49 Gold Mining
20:25 Stone Mining
21:25 Bow Saw
22:28 Heavy Plow
26:23 Hand Cart
25:53 Town Watch
28:03 Town Patrol
27:49 Loom
28:55 Gold Shaft Mining
36:52 Imperial Age
38:50 Two-Man Saw
37:19 Capped Ram
39:10 Chemistry
38:06 Murder Holes
38:34 Marauders
39:54 Siege Ram
43:19 Conscription
43:08 Elite Tarkan
46:44 Husbandry
46:55 Bloodlines
46:07 Cavalier
51:39 Demolition Ship
52:53 Heavy Demolition Ship
53:14 Paladin
NATO♥ ҉
4:50 Loom
30:20 Feudal Age
30:55 Arson
31:32 Town Watch
39:04 Wheelbarrow
Connection lost

Rejoining the realm…

Still unreachable

The connection could not be restored.

Session expired

The server has moved on; the page needs a fresh start.